 Dungeon Crawl Stone Soup version 0.14-a0-1570-g671a4b6 (webtiles) character file.

130 PolkaDot the Vexing (level 4, 0/30 HPs)
             Began as a Vampire Enchanter on Dec 20, 2013.
             Slain by an orc
             ... wielding a +1,+1 orcish flail
              (6 damage)
             ... on Level 3 of the Dungeon.
             The game lasted 00:07:58 (1914 turns).

PolkaDot the Vexing (Vampire Enchanter)             Turns: 1914, Time: 00:07:58

HP   0/30        AC  6     Str  7      XL: 4   Next: 71%
MP   4/7         EV 13     Int 20      God:
Gold 13          SH  0     Dex 21      Spells:  2 memorised,  3 levels left

rFire  . . .     SeeInvis +     a - +1 dagger
rCold  . . .     Clarity  .     b - +1 robe
rNeg   . . .     Conserve .     (no shield)
rPois  .         rCorr    .     (no helmet)
rElec  .         rRot     .     (no cloak)
SustAb . .       Spirit   .     (no gloves)
rMut   .         Warding  .     i - +2 pair of dwarf boots
Saprov . . .     Stasis   .     (no amulet)
                                s - +6 ring of dexterity
                                f - +3 ring of intelligence

@: regenerating quickly, slightly resistant to hostile enchantments, stealthy
A: fangs 3, see invisible, unbreathing
a: no special abilities


You were on level 3 of the Dungeon.
You were very full.

You visited 1 branch of the dungeon, and saw 3 of its levels.

You collected 13 gold pieces.

Inventory:

Hand weapons
 a - a +1,+1 dagger (weapon)
 u - a +1,+2 short sword of flaming
Missiles
 d - 12 darts (quivered)
Armour
 b - a +1 robe (worn)
 i - a +2 pair of dwarven boots (worn)
Scrolls
 e - a scroll of fear {unknown}
 g - a scroll of enchant armour {unknown}
 h - 2 scrolls of identify {unknown}
 j - a scroll of amnesia {unknown}
 k - 2 scrolls of enchant weapon I {unknown}
 l - a scroll of recharging {unknown}
 m - 3 scrolls of teleportation {unknown}
 p - a scroll of curse armour {unknown}
 r - a scroll of random uselessness {unknown}
 t - a scroll of remove curse {unknown}
Jewellery
 f - a +3 ring of intelligence (left hand)
 n - an uncursed ring of wizardry
 o - an uncursed ring of flight
 s - a +6 ring of dexterity (right hand)
Books
 c - a book of Maledictions

   Spells                             Type                      Level
   *Corona                            Hexes                        1
   Sure Blade                         Hexes/Charms                 2
   Ensorcelled Hibernation            Hexes/Ice                    2
   *Confuse                           Hexes                        3
   Enslavement                        Hexes                        4
   Invisibility                       Hexes                        6


   Skills:
 - Level 2.9 Short Blades
 - Level 0.7 Throwing
 - Level 2.1 Dodging
 - Level 3.0 Stealth
 - Level 2.0 Spellcasting
 * Level 7.1 Hexes


You had 3 spell levels left.
You knew the following spells:

 Your Spells              Type           Power        Failure   Level  Hunger
a - Corona                Hex            ####...      1%          1    #......
c - Confuse               Hex            ####....     2%          3    ###....


Dungeon Overview and Level Annotations

Branches:
Dungeon (3/16)

Altars:
Trog

Annotations:
D:3 HollowCharge's ghost, average DgCj


Innate Abilities, Weirdness & Mutations

Your natural rate of healing is unusually fast.
You have razor-sharp teeth.*
You have supernaturally acute eyesight.
You can survive without breathing.*


Message History

The orc is almost dead.
The orc barely misses you.
You closely miss the orc.
The orc is severely wounded.
The orc closely misses you.
You completely miss the orc.
The orc is severely wounded.
You hit the orc.
You kill the orc!
A giant newt comes into view.
You closely miss the orc.
The orc is severely wounded.
The orc hits you with an orcish flail!
* * * LOW HITPOINT WARNING * * *
You barely miss the orc.
The orc is severely wounded.
You barely miss the orc. Your bite misses the orc.
The orc is severely wounded.
The orc hits you with an orcish flail.
You die...

#.# .......
#.# ..... #.#
..... #.###
... #...# ...
###.# #h#
##.###o#
#####...##o#
..........#@#
#####....#.#
##.#.#[#
#......#
..........#
..........#
..#######l#
#.# #.#


You could see 2 orcs, a jackal and a giant newt.

Vanquished Creatures
  4 adders
  A giant mite (D:1)
  4 giant geckos
  6 orcs (D:3)
  2 ball pythons
  2 giant cockroaches
  8 hobgoblins
  3 jackals (D:3)
  3 quokkas (D:3)
  9 bats
  2 giant newts
  10 goblins
  8 kobolds
  8 rats
70 creatures vanquished.

Notes
Turn   | Place    | Note
--------------------------------------------------------------
     0 | D:1      | PolkaDot, the Vampire Enchanter, began the quest for the Orb.
     0 | D:1      | Reached XP level 1. HP: 13/13 MP: 3/3
   111 | D:1      | Reached XP level 2. HP: 17/19 MP: 4/4
   382 | D:1      | Reached skill level 5 in Hexes
   473 | D:2      | Reached XP level 3. HP: 24/24 MP: 6/6
   741 | D:2      | Found a bloodstained altar of Trog.
   830 | D:2      | Learned a level 3 spell: Confuse
  1070 | D:2      | Reached skill level 6 in Hexes
  1070 | D:2      | Reached XP level 4. HP: 30/30 MP: 1/7
  1654 | D:3      | Noticed HollowCharge's ghost (average DgCj)
  1877 | D:3      | Reached skill level 7 in Hexes
  1914 | D:3      | Slain by an orc

Action                   |  1- 3 |  4- 6 || total
-------------------------+-------+-------++-------
Melee: Dagger            |   133 |   141 ||   274
 Cast: Confuse           |     2 |     3 ||     5
  Use: Potion            |     2 |     4 ||     6
 Stab: Sleeping          |     4 |     3 ||     7
       Distracted        |     1 |       ||     1
       Confused          |       |     1 ||     1
